 Dungeon Crawl Stone Soup version 0.30-a0-377-g5cb311bc9f (webtiles) character file.

Game seed: 14380398888060286052

2609 KennySheep the Skirmisher (level 9, -4/67 HPs)
             Began as a Demigod Hunter on Nov 29, 2022.
             Slain by Pikel
             ... wielding a +2 whip of flaming
              (8 damage)
             ... on level 5 of the Dungeon.
             The game lasted 00:14:21 (6252 turns).

KennySheep the Skirmisher (Demigod Hunter)          Turns: 6252, Time: 00:14:21

Health: -4/67      AC:  5    Str: 12    XL:     9   Next: 12%
Magic:  11/11      EV: 12    Int: 11    God:
Gold:   213        SH:  0    Dex: 29    Spells: 8/8 levels left

rFire   . . .      SeeInvis .    a - +0 shortbow
rCold   . . .      Faith    .    (shield currently unavailable)
rNeg    . . .      Spirit   .    c - +0 leather armour
rPois   .          Reflect  .    (no helmet)
rElec   .          Harm     .    d - +0 cloak
rCorr   .          Rampage  .    (no gloves)
Will    .....                    p - +0 pair of boots
Stlth   ++........               (no amulet)
HPRegen 0.31/turn                o - ring of flight
MPRegen 0.12/turn                (no ring)

@: flying
A: high MP 1, forlorn, divine attributes
a: no special abilities


You were on level 5 of the Dungeon.
You visited 1 branch of the dungeon, and saw 6 of its levels.

You collected 514 gold pieces.
You spent 301 gold pieces at shops.

Inventory:

Hand Weapons
 a - a +0 shortbow (weapon)
 b - a +2 dagger of venom
Armour
 c - a +0 leather armour (worn)
 d - a +0 cloak (worn)
 e - +0 acid dragon scales
 p - a +0 pair of boots (worn)
 v - the +2 pair of gloves of Dithmenos's Approval {rC- Int+3 Dex+4}
   (You bought it in a shop on level 4 of the Dungeon)

   Int:       It affects your intelligence (+3).
   Dex:       It affects your dexterity (+4).
   rC:        It makes you vulnerable to cold.
Jewellery
 o - a ring of flight (left hand)
 y - a ring of wizardry
Scrolls
 f - 3 scrolls of amnesia
 l - a scroll of magic mapping {unknown}
 m - a scroll of torment
 r - 4 scrolls of immolation
 s - a scroll of enchant weapon {unknown}
 t - a scroll of enchant armour {unknown}
 x - a scroll of poison
 B - a scroll of teleportation
 D - a scroll of fog
Potions
 g - a potion of flight {unknown}
 h - 2 potions of curing {unknown}
 i - a potion of cancellation
 k - a potion of berserk rage
 n - a potion of might {unknown}
 q - a potion of haste {unknown}
 u - a potion of attraction {unknown}
 w - 2 potions of magic {unknown}
 z - 2 potions of brilliance {unknown}
 A - 3 potions of degeneration {unknown}
 C - a potion of resistance {unknown}


   Skills:
 - Level 1.7 Fighting
 + Level 12.2 Ranged Weapons
 - Level 1.7 Dodging
 - Level 0.8 Stealth


You had 8 spell levels left.
You didn't know any spells.
Your spell library contained the following spells:

 Spells                   Type           Power      Damage    Failure   Level
 Apportation              Tloc           0%         N/A       41%         1
 Necrotise                Necr           0%         1d4       41%         1
 Sandblast                Erth           0%         2d4       41%         1
 Summon Small Mammal      Summ           0%         N/A       41%         1
 Passwall                 Tmut/Erth      0%         N/A       56%         2
 Stone Arrow              Conj/Erth      0%         3d7       80%         3


Dungeon Overview and Level Annotations

Branches:
Dungeon (6/15)             Temple (0/1) D:6

Shops:
D:4 *

Annotations:
D:4 1 runed translucent door, Crazy Yiuf
D:5 Pikel


Innate Abilities, Weirdness & Mutations

You have an increased reservoir of magic. (+10% MP)
You shall have no god before yourself.
Your divine heritage dramatically boosts your attributes as you level up.


Message History

You shoot an arrow. The arrow barely misses Pikel.
Pikel hits you with a +2 whip of flaming.
Pikel burns you.
Okay, then.
Blink to where?
Press: ? - help, Dir - move target, p - Pikel
As you read the scroll of blinking, it crumbles to dust.
Things that are here:
a +0 leather armour; a +0 short sword; an orc skeleton You shoot an arrow.
The arrow hits Pikel!
Pikel is heavily wounded.
You shoot an arrow. The arrow barely misses Pikel.
You shoot an arrow. The arrow hits Pikel.
Pikel is heavily wounded.
You shoot an arrow. The arrow hits Pikel!
Pikel is severely wounded.
You shoot an arrow.
The arrow hits Pikel but does no damage.
Pikel is severely wounded.
You shoot an arrow. The arrow hits Pikel.
Pikel is severely wounded.
You shoot an arrow.
The arrow hits Pikel but does no damage.
Pikel is severely wounded.
You shoot an arrow.
The arrow hits Pikel but does no damage.
Pikel is severely wounded.
Pikel hits you with a +2 whip of flaming.
* * * LOW HITPOINT WARNING * * *
Pikel burns you.
* * * LOW HITPOINT WARNING * * *
You shoot an arrow. The arrow hits Pikel.
Pikel is almost dead.
Pikel hits you with a +2 whip of flaming!
* * * LOW HITPOINT WARNING * * *
Pikel burns you.
* * * LOW HITPOINT WARNING * * *
You shoot an arrow. The arrow closely misses Pikel.
Pikel hits you with a +2 whip of flaming!
You die...

######## ####......### ###
##...........## ###.###
#.............## ###.....#
#.........)....# ####.......##
##..........>..# #...........#
#.........ยง...#
#...........####.............##
#..............@K[............#
#............####.............#
#.............# #.............#
###............#
##............#
...............##
#...........##
................# #..........##
# #####...........#
##........#.### #...........#
#.......##..#. ##..........#
##.....####...


You could see Pikel.

Vanquished Creatures
  Maggie (D:5)
  Prince Ribbit (D:5)
  Grinder (D:5)
  Sigmund (D:6)
  A yak (D:5)
  An orc warrior (D:6)
  2 black bears (D:5)
  An ogre (D:5)
  A phantom (D:5)
  A kobold brigand (D:6)
  2 necrophages (D:5)
  3 scorpions
  An oklob sapling (D:6)
  2 howler monkeys
  2 hounds (D:6)
  A gnoll bouda (D:4)
  An orc priest (D:3)
  4 iguanas
  Natasha (thrice) (D:4)
  4 orc wizards (D:3)
  9 adders
  12 gnolls
  A shadow imp (D:5)
  A worm (D:5)
  2 dart slugs
  16 orcs
  2 ball pythons
  6 bats
  9 endoplasms
  6 giant cockroaches
  10 hobgoblins
  3 jackals (D:5)
  9 kobolds
  8 quokkas
  4 frilled lizards
  8 goblins
  4 rats
144 creatures vanquished.

Vanquished Creatures (others)
  An orc (D:5)
  14 plants
15 creatures vanquished.

Grand Total: 159 creatures vanquished

Notes
Turn   | Place    | Note
-------+----------+-------------------------------------------
     0 | D:1      | KennySheep the Demigod Hunter began the quest for the Orb.
     0 | D:1      | Reached XP level 1. HP: 17/17 MP: 3/3
   413 | D:1      | Reached skill level 4 in Ranged Weapons
   427 | D:1      | Reached XP level 2. HP: 24/24 MP: 4/4
  1027 | D:2      | Reached XP level 3. HP: 29/29 MP: 5/5
  1402 | D:2      | Reached skill level 5 in Ranged Weapons
  1597 | D:2      | Reached XP level 4. HP: 36/36 MP: 6/6
  2124 | D:3      | Reached skill level 6 in Ranged Weapons
  2124 | D:3      | Reached XP level 5. HP: 25/41 MP: 7/7
  2751 | D:4      | Noticed Natasha
  2768 | D:4      | Killed Natasha
  2869 | D:4      | Found Juityjos's Assorted Antiques.
  2896 | D:4      | Reached XP level 6. HP: 36/48 MP: 8/8
  2948 | D:4      | Bought a yellow potion for 26 gold pieces
  2948 | D:4      | Bought a pair of blackened gloves for 275 gold pieces
  2948 | D:4      | Identified the +2 pair of gloves of Dithmenos's Approval
                  | {rC- Int+3 Dex+4} (You bought it in a shop on level 4 of
                  | the Dungeon)
  3046 | D:4      | Found a runed translucent door.
  3047 | D:4      | Noticed Crazy Yiuf
  3060 | D:4      | Noticed Natasha
  3124 | D:4      | Reached skill level 7 in Ranged Weapons
  3188 | D:4      | Killed Natasha
  3209 | D:4      | Noticed Natasha
  3212 | D:4      | Killed Natasha
  4084 | D:5      | Entered Level 5 of the Dungeon
  4084 | D:5      | Noticed Prince Ribbit
  4230 | D:5      | Reached skill level 8 in Ranged Weapons
  4230 | D:5      | Reached XP level 7. HP: 53/53 MP: 9/9
  4341 | D:5      | Reached skill level 9 in Ranged Weapons
  4377 | D:5      | Noticed a yak
  4596 | D:5      | Killed a yak
  4793 | D:5      | Reached XP level 8. HP: 31/60 MP: 10/10
  4895 | D:5      | Noticed Grinder
  4906 | D:5      | Reached skill level 10 in Ranged Weapons
  4908 | D:5      | Killed Grinder
  5128 | D:5      | Killed Prince Ribbit
  5375 | D:5      | Reached skill level 11 in Ranged Weapons
  5655 | D:6      | Noticed Sigmund
  5661 | D:6      | Killed Sigmund
  5662 | D:6      | Noticed Maggie
  5700 | D:5      | Killed Maggie
  5910 | D:6      | Reached XP level 9. HP: 61/67 MP: 11/11
  6107 | D:6      | Found a staircase to the Ecumenical Temple.
  6135 | D:6      | Reached skill level 12 in Ranged Weapons
  6217 | D:6      | Noticed Pikel
  6252 | D:5      | Slain by Pikel

Illustrated notes

Levels and vault maps discovered:
D:1:      minmay_arrival_doors, layout_loops_ring
D:2:      layout_basic, basic_altar, shapermc_ecumenical_altar_pompeii
D:3:      layout_basic, grunt_ministairs_10, chequers_serial_rivers_micro_c,
          minivault_14, kennysheep_orc_chapel
D:4:      cheibrodos_old_hovel, layout_loops_corners,
          mainiacjoe_overflow_24_doors, serial_shops, nicolae_square_shop,
          uniq_natasha, uniq_crazy_yiuf_cottage
D:5:      layout_cave_pods, nzn_random_ring, uniq_grinder, uniq_prince_ribbit1
D:6:      layout_layer_cave, jmf_multi_god_temple2, minmay_temple_entry_oklob,
          chequers_serial_rivers_micro_d, uniq_pikel, uniq_sigmund, uniq_maggie

Skill      XL: |  1  2  3  4  5  6  7  8  9 |
---------------+----------------------------+-----
Ranged Weapons | 4 5 6 8 9 11 12 | 12.2
Fighting       | |  1.7
Dodging        | |  1.7
Stealth        | |  0.8

Action                   |  1- 3 |  4- 6 |  7- 9 || total
-------------------------+-------+-------+-------++-------
 Fire: Shortbow          |   135 |   202 |   264 ||   601
  Use: Scroll            |     4 |     2 |     5 ||    11
       Potion            |     2 |     1 |     2 ||     5
Armor: Leather armour    |    30 |    23 |    26 ||    79
Dodge: Dodged            |    49 |    57 |    81 ||   187

Table legend: (Time is in decaauts)
 A = Elapsed time spent in this place.
 B = Non-inter-level travel time spent in this place.
 C = Inter-level travel time spent in this place.
 D = Time resting spent in this place.
 E = Time spent auto-exploring this place.
 F = Levels seen in this place.
 G = Mean time per level.
                   A        B        C        D        E       F      G
               +--------+--------+--------+--------+--------+-----+--------+
         Total |   6349 |   6176 |    173 |   1173 |   3850 |   6 | 1058.2 |
       Dungeon |   6349 |   6176 |    173 |   1173 |   3850 |   6 | 1058.2 |
               +--------+--------+--------+--------+--------+-----+--------+

Top non-repeatable levels by time:
     D:5: 1708 daAuts
     D:4: 1396 daAuts
     D:2: 987 daAuts
     D:1: 968 daAuts
     D:3: 842 daAuts
     D:6: 446 daAuts
